[Event "November 21 Late 2023"]
[Site "https://www.chess.com"]
[Date "2023.11.21"]
[Round "1"]
[White "Zakaryan, David"]
[Black "Bochnicka, Vladimir"]
[Result "0-1"]
[Board "71"]
[TimeControl "180+1"]
[WhiteFideId "24101923"]
[BlackFideId "14943450"]
[WhiteElo "2323"]
[BlackElo "2170"]
[WhiteTeam "RUS"]
[BlackTeam "SVK"]
[WhiteClock "0:00:17"]
[BlackClock "0:00:07"]

1. e4 e5 2. Nf3 Nc6 3. Bc4 Nf6 4. d3 h6 5. c3 d6 6. b4 g5 7. a4 Bg7 8. a5 a6 9. Na3 O-O 10. Qb3 Ne7 11. Nc2 b6 12. axb6 cxb6 13. Ne3 Bb7 14. h4 g4 15. Ng5 hxg5 16. hxg5 Nh7 17. Nf5 Nxf5 18. g6 d5 19. exf5 dxc4 20. Qxc4 Nf6 21. Bg5 Qd5 22. Qc7 Rac8 23. Qxb6 Qxg2 24. O-O-O Rxc3+ 25. Kb2 Rc6 26. Qe3 Nd5 27. gxf7+ Rxf7 28. Qe4 Qxe4 29. dxe4 Nf6 30. Rd8+ Rf8 31. Rd3 Rc4 32. Ka3 Bxe4 33. Rhd1 Bxd3 34. Rxd3 Rd4 35. Rc3 Ne4 36. Rc7 Nxg5 37. Ra7 Rxf5 38. Kb3 Rxf2 39. Ka4 Rff4 40. Ka5 Rxb4 41. Ra8+ Kh7 42. Re8 Ra4+ 43. Kb6 Rfb4+ 44. Ka7 Rf4 45. Re7 Rf7 46. Rxf7 Nxf7 47. Kb6 g3 48. Kc5 g2 49. Kd5 Rd4+ 50. Ke6 g1=Q 51. Ke7 Qg5+ 52. Ke8 Rd8+ 53. Kxf7 Qf6# 0-1

[Event "November 21 Late 2023"]
[Site "https://www.chess.com"]
[Date "2023.11.21"]
[Round "1"]
[White "Lebedev, Artem S."]
[Black "Nazari, Arad"]
[Result "1-0"]
[Board "72"]
[TimeControl "180+1"]
[WhiteFideId "34272747"]
[BlackFideId "12577324"]
[WhiteElo "1952"]
[BlackElo "2100"]
[WhiteTeam "RUS"]
[BlackTeam "IRI"]
[WhiteClock "0:00:09"]
[BlackClock "0:00:00"]

1. e4 c5 2. Nf3 d6 3. d4 cxd4 4. Nxd4 Nf6 5. Nc3 a6 6. Be3 Ng4 7. Bc1 Nc6 8. h3 Qb6 9. hxg4 Qxd4 10. Bd3 e6 11. Be3 Qb4 12. Qd2 Qxb2 13. Rb1 Qa3 14. Bb6 d5 15. exd5 Ne5 16. O-O Be7 17. Rfe1 Nxd3 18. Qxd3 O-O 19. Qc4 Bd7 20. Qc7 Qd6 21. Qxb7 Rfb8 22. Qc7 Qxc7 23. Bxc7 Rc8 24. Be5 exd5 25. Rb7 Bf6 26. Bxf6 gxf6 27. Nxd5 Bc6 28. Ne7+ Kf8 29. Nxc6 Rxc6 30. Ree7 Rxc2 31. Rxf7+ Ke8 32. Rxh7 1-0

[Event "November 21 Late 2023"]
[Site "https://www.chess.com"]
[Date "2023.11.21"]
[Round "1"]
[White "Sydoryka, Vladyslav"]
[Black "ChessLebaneseSalah"]
[Result "1-0"]
[Board "73"]
[TimeControl "180+1"]
[WhiteFideId "14145928"]
[WhiteElo "2271"]
[BlackElo "2416"]
[WhiteTeam "UKR"]
[WhiteClock "0:00:04"]
[BlackClock "0:00:03"]

1. c4 c6 2. g3 d5 3. Bg2 Nf6 4. Nf3 dxc4 5. a4 Bf5 6. Na3 e6 7. Nxc4 Be7 8. O-O O-O 9. a5 Nbd7 10. d3 b5 11. Nce5 Rc8 12. Nxd7 Qxd7 13. Ne5 Qe8 14. Be3 c5 15. a6 Nd5 16. Bd2 Bf6 17. f4 Nb4 18. Bxb4 cxb4 19. e4 Bxe5 20. fxe5 Bg6 21. Qd2 Qe7 22. Rfc1 h6 23. d4 Rc4 24. b3 Rcc8 25. h4 Rfd8 26. Rxc8 Rxc8 27. Rc1 Qd7 28. Rxc8+ Qxc8 29. d5 exd5 30. exd5 Qc3 31. Qf2 Qxe5 32. Qxa7 Qe1+ 33. Kh2 Qe2 34. Qd4 Bh5 35. a7 Bf3 36. a8=Q+ Kh7 37. Qg1 g5 38. Kh1 gxh4 39. Bxf3 Qxf3+ 40. Qg2 Qd1+ 41. Kh2 hxg3+ 42. Qxg3 Qe2+ 43. Kg1 Qd1+ 44. Kg2 Qe2+ 45. Qf2 Qg4+ 46. Kh2 Qh5+ 47. Kg3 Qg5+ 48. Kf3 Qf5+ 49. Ke3 Qe5+ 50. Kd3 Qc3+ 51. Ke4 f5+ 52. Qxf5+ Kg7 53. Qaf8# 1-0

[Event "November 21 Late 2023"]
[Site "https://www.chess.com"]
[Date "2023.11.21"]
[Round "1"]
[White "Van Osch, Mees"]
[Black "Krzyzanowski, Marcin"]
[Result "0-1"]
[Board "74"]
[TimeControl "180+1"]
[WhiteFideId "1035967"]
[BlackFideId "1132199"]
[WhiteElo "2324"]
[BlackElo "2471"]
[WhiteTeam "NED"]
[BlackTeam "POL"]
[WhiteClock "0:00:14"]
[BlackClock "0:01:46"]

1. e4 e5 2. Nf3 Nc6 3. Bb5 a6 4. Ba4 d6 5. O-O Bd7 6. d4 b5 7. Bb3 Nxd4 8. Nxd4 exd4 9. a4 Nf6 10. Qxd4 c5 11. Qe3 c4 12. Ba2 Be7 13. Nc3 O-O 14. Re1 Re8 15. Qg3 Be6 16. axb5 axb5 17. Nxb5 d5 18. exd5 Bxd5 19. Nc3 Be6 20. Bh6 Nh5 21. Qf3 Qa5 22. Be3 Nf6 23. Bd4 Red8 24. Rad1 Bg4 25. Qf4 Bxd1 26. Rxe7 Re8 27. Bxf6 gxf6 28. Qxf6 Rxe7 29. Qxe7 Bxc2 30. h3 Bd3 31. Qc7 Qxc7 0-1

[Event "November 21 Late 2023"]
[Site "https://www.chess.com"]
[Date "2023.11.21"]
[Round "1"]
[White "Korchmar, Vasiliy"]
[Black "UK_23"]
[Result "1-0"]
[Board "75"]
[TimeControl "180+1"]
[WhiteFideId "24131750"]
[WhiteElo "2372"]
[BlackElo "2413"]
[WhiteTeam "RUS"]
[WhiteClock "0:01:52"]
[BlackClock "0:01:35"]

1. e4 e5 2. Nf3 Nc6 3. Nc3 Nf6 4. Bb5 Bd6 5. d3 h6 6. a3 a6 7. Bc4 Ne7 8. d4 Ng6 9. O-O O-O 10. Re1 Re8 11. dxe5 Nxe5 12. Nxe5 Bxe5 13. f4 Bxc3 14. bxc3 d5 15. exd5 Rxe1+ 16. Qxe1 Bf5 17. Be3 Nxd5 18. Rd1 c6 19. Bxd5 cxd5 20. c4 Bxc2 21. Rxd5 Qe7 22. Qc3 Re8 23. Re5 Qd7 24. Qxc2 1-0

[Event "November 21 Late 2023"]
[Site "https://www.chess.com"]
[Date "2023.11.21"]
[Round "1"]
[White "Gutkin, Ilya"]
[Black "Hansen, Sune Berg"]
[Result "1/2-1/2"]
[Board "76"]
[TimeControl "180+1"]
[WhiteFideId "16203470"]
[BlackFideId "1400266"]
[WhiteElo "2248"]
[BlackElo "2718"]
[WhiteTeam "GER"]
[BlackTeam "DEN"]
[WhiteClock "0:00:11"]
[BlackClock "0:01:40"]

1. e4 e5 2. Nf3 Nc6 3. Bb5 a6 4. Ba4 d6 5. O-O Bd7 6. c3 g6 7. d4 Bg7 8. Re1 Nf6 9. dxe5 Nxe5 10. Nxe5 dxe5 11. Bg5 Bxa4 12. Qxa4+ Qd7 13. Qxd7+ Nxd7 14. Na3 f6 15. Be3 Bf8 16. Nc4 Bc5 17. Red1 Bxe3 18. Nxe3 O-O-O 19. Nd5 Rhe8 20. Rd2 Nc5 21. Rad1 Rd6 22. f3 Kb8 23. Kf1 f5 24. exf5 gxf5 25. Ne3 Rxd2 26. Rxd2 f4 27. Ng4 c6 28. Re2 Nd3 29. Rd2 Nc5 30. Re2 Nd7 31. Rd2 Nc5 1/2-1/2

[Event "November 21 Late 2023"]
[Site "https://www.chess.com"]
[Date "2023.11.21"]
[Round "1"]
[White "Goltsev, Dmitry"]
[Black "Skaric, Djuro"]
[Result "1-0"]
[Board "77"]
[TimeControl "180+1"]
[WhiteFideId "24176710"]
[BlackFideId "934569"]
[WhiteElo "2370"]
[BlackElo "2282"]
[WhiteTeam "RUS"]
[BlackTeam "SRB"]
[WhiteClock "0:00:09"]
[BlackClock "0:01:14"]

1. e4 d6 2. Nf3 g6 3. h4 Nf6 4. e5 dxe5 5. Nxe5 Bg7 6. Bc4 O-O 7. d4 Nc6 8. Nxc6 bxc6 9. c3 Bg4 10. Qd3 Nh5 11. Bg5 Be6 12. Nd2 Bxc4 13. Nxc4 h6 14. Be3 Qd5 15. O-O Rab8 16. b3 Rfe8 17. Rad1 Rbd8 18. Qc2 f5 19. Bc1 Nf6 20. f3 Nd7 21. Rfe1 Qf7 22. Na5 Qf6 23. Bf4 c5 24. Nb7 Rc8 25. Nxc5 Nxc5 26. dxc5 e5 27. Bg3 Qc6 28. Bf2 h5 29. Qd3 Rcd8 30. Qe2 Rxd1 31. Rxd1 e4 32. f4 e3 33. Bxe3 Qe4 34. Rd3 Qxf4 35. Bxf4 Rxe2 36. Bxc7 Rxa2 37. Rd8+ Kf7 38. Rd7+ Kg8 39. c6 Rc2 40. Bd6 Bf6 41. c7 Rxc3 42. Rd8+ Kf7 43. c8=Q 1-0

[Event "November 21 Late 2023"]
[Site "https://www.chess.com"]
[Date "2023.11.21"]
[Round "1"]
[White "Suspenser17"]
[Black "Schnaider, Ilan"]
[Result "0-1"]
[Board "78"]
[TimeControl "180+1"]
[BlackFideId "169013"]
[WhiteElo "2405"]
[BlackElo "2373"]
[BlackTeam "ARG"]
[WhiteClock "0:02:38"]
[BlackClock "0:02:53"]

1. e4 c5 2. c3 Nf6 3. e5 Nd5 4. d4 cxd4 5. Nf3 e6 6. cxd4 Nc6 7. Bd3 d6 8. Qe2 dxe5 9. dxe5 Bb4+ 10. Nbd2 Nf4 0-1

[Event "November 21 Late 2023"]
[Site "https://www.chess.com"]
[Date "2023.11.21"]
[Round "1"]
[White "Danielyan, Vahe"]
[Black "Rios Escobar, Adan"]
[Result "1-0"]
[Board "79"]
[TimeControl "180+1"]
[WhiteFideId "13304828"]
[BlackFideId "3403645"]
[WhiteElo "2376"]
[BlackElo "2404"]
[WhiteTeam "ARM"]
[BlackTeam "CHI"]
[WhiteClock "0:00:06"]
[BlackClock "0:00:02"]

1. e4 c5 2. Nf3 d6 3. d4 cxd4 4. Nxd4 Nf6 5. Nc3 a6 6. Nb3 e6 7. g4 h6 8. Bg2 Be7 9. O-O Nc6 10. f4 Qb6+ 11. Kh1 h5 12. g5 Ng4 13. Qe2 Bd7 14. a4 Nb4 15. a5 Qa7 16. Na4 Rc8 17. c3 Bb5 18. Qd2 Nd3 19. Nd4 e5 20. Nb6 exd4 21. Nxc8 dxc3 22. Qxd3 Bxd3 23. Nxa7 Bxf1 24. Bxf1 O-O 25. bxc3 Ra8 26. h3 Nf2+ 27. Kg2 Nxe4 28. Be3 Nc5 29. Be2 Rxa7 30. Bxh5 Ra8 31. Bf3 Rc8 32. Bd5 Bd8 33. c4 Kf8 34. h4 g6 35. Kf3 Nb3 36. Rb1 Nxa5 37. h5 gxh5 38. Rh1 Nxc4 39. Bd4 Nd2+ 40. Ke2 Ba5 41. Rxh5 Rc2 42. Rh8+ Ke7 43. Bf6+ Kd7 44. Kd3 Rc5 45. Bxf7 Nc4 46. Be8+ Kc7 47. g6 Nb2+ 48. Ke4 Nc4 49. g7 Nd2+ 50. Kd3 Rd5+ 51. Bd4 Bb6 52. g8=Q Rxd4+ 53. Kc2 Nc4 54. Qf7+ Kb8 55. Bb5+ Ka7 56. Bxc4 d5 57. Bxd5 Rb4 58. Qxb7# 1-0

[Event "November 21 Late 2023"]
[Site "https://www.chess.com"]
[Date "2023.11.21"]
[Round "1"]
[White "Efremov, Vladislav"]
[Black "Trost, Edvin"]
[Result "0-1"]
[Board "80"]
[TimeControl "180+1"]
[WhiteFideId "44159935"]
[BlackFideId "1729519"]
[WhiteElo "2092"]
[BlackElo "2385"]
[WhiteTeam "FID"]
[BlackTeam "SWE"]
[WhiteClock "0:01:55"]
[BlackClock "0:01:49"]

1. d4 Nf6 2. c4 e6 3. Bf4 b6 4. Nc3 Bb7 5. e3 Bb4 6. Ne2 O-O 7. a3 Be7 8. d5 d6 9. e4 exd5 10. cxd5 c6 11. Ng3 cxd5 12. exd5 Na6 13. Be2 Nc7 14. Bf3 Re8 15. O-O Bf8 16. Qd2 Qd7 17. Rad1 h6 0-1

[Event "November 21 Late 2023"]
[Site "https://www.chess.com"]
[Date "2023.11.21"]
[Round "1"]
[White "Djokic, Mihailo"]
[Black "PoXerStar"]
[Result "1-0"]
[Board "81"]
[TimeControl "180+1"]
[WhiteFideId "976440"]
[WhiteElo "2265"]
[BlackElo "2398"]
[WhiteTeam "SRB"]
[WhiteClock "0:00:18"]
[BlackClock "0:00:00"]

1. e4 e5 2. Nf3 Nc6 3. Nc3 Nf6 4. Bb5 Nd4 5. Ba4 c6 6. Nxe5 d5 7. exd5 Bd6 8. dxc6 O-O 9. Nc4 Bg4 10. f3 Re8+ 11. Ne3 Bxf3 12. gxf3 Nh5 13. h4 Qf6 14. cxb7 Nxf3+ 15. Kf2 Nxh4+ 16. Kg1 Rxe3 17. bxa8=Q+ Bf8 18. dxe3 Qg5+ 19. Kf1 Ng3+ 20. Ke1 Nxh1 21. Qxh1 Qg3+ 22. Kf1 1-0

[Event "November 21 Late 2023"]
[Site "https://www.chess.com"]
[Date "2023.11.21"]
[Round "1"]
[White "Akhayan, Ruben"]
[Black "Gubajdullin, Alexei"]
[Result "0-1"]
[Board "82"]
[TimeControl "180+1"]
[WhiteFideId "204439"]
[BlackFideId "4141202"]
[WhiteElo "2141"]
[BlackElo "2280"]
[WhiteTeam "BEL"]
[BlackTeam "RUS"]
[WhiteClock "0:00:26"]
[BlackClock "0:00:51"]

1. e4 g6 2. d4 Bg7 3. Nc3 d6 4. Be3 a6 5. Qd2 b5 6. Nf3 Nd7 7. Bd3 c5 8. dxc5 Nxc5 9. O-O Bb7 10. a3 Rc8 11. h3 Nf6 12. Bxc5 Rxc5 13. Rfe1 O-O 14. Rad1 Qa8 15. Qf4 Rfc8 16. Qh4 Bc6 17. Nd4 Be8 18. Nb3 R5c7 19. Qf4 Nh5 20. Qg4 e6 21. Qf3 Nf6 22. Qg3 Nd7 23. Qxd6 Be5 24. Qe7 Nf6 25. Qb4 Qa7 26. Qa5 Nh5 27. Bf1 Rxc3 28. bxc3 Bxc3 29. Rd8 Bxa5 30. Rxc8 Bxe1 0-1

[Event "November 21 Late 2023"]
[Site "https://www.chess.com"]
[Date "2023.11.21"]
[Round "1"]
[White "Wu, Derek"]
[Black "Haszon, David"]
[Result "1/2-1/2"]
[Board "83"]
[TimeControl "180+1"]
[WhiteFideId "30914558"]
[BlackFideId "733610"]
[WhiteElo "2211"]
[BlackElo "2182"]
[WhiteTeam "USA"]
[BlackTeam "HUN"]
[WhiteClock "0:00:24"]
[BlackClock "0:00:13"]

1. d4 d5 2. Nc3 Nf6 3. Bf4 g6 4. e3 Bg7 5. h4 h5 6. Nf3 Bg4 7. Qd2 Bxf3 8. gxf3 O-O 9. e4 dxe4 10. fxe4 c5 11. d5 Nbd7 12. O-O-O Qa5 13. f3 Ne8 14. Kb1 a6 15. Bh6 b5 16. Bxg7 Nxg7 17. f4 b4 18. Ne2 Nf6 19. e5 Ng4 20. Nc1 Nf5 21. Bh3 Ngh6 22. Rhg1 c4 23. e6 Kh7 24. Qe2 c3 25. Nb3 Qb5 26. Qxb5 axb5 27. Rd3 cxb2 28. Kxb2 fxe6 29. dxe6 Ra6 30. Nc5 Rc6 31. Ne4 Rfc8 32. Ng5+ Kg7 33. Rg2 Nxh4 34. Rgd2 N4f5 35. Rd5 Rc5 36. Rxc5 Rxc5 37. Kb3 Rc4 38. Rd5 Rxf4 39. Rxb5 Kf6 40. Nh7+ Kg7 41. Ng5 Kf6 42. Nh7+ Kg7 43. Ng5 1/2-1/2

[Event "November 21 Late 2023"]
[Site "https://www.chess.com"]
[Date "2023.11.21"]
[Round "1"]
[White "Zakarian, David"]
[Black "Sourath Biswas"]
[Result "1/2-1/2"]
[Board "84"]
[TimeControl "180+1"]
[WhiteFideId "13301276"]
[BlackFideId "35091484"]
[WhiteElo "2286"]
[BlackElo "2171"]
[WhiteTeam "ARM"]
[BlackTeam "IND"]
[WhiteClock "0:00:10"]
[BlackClock "0:00:18"]

1. d4 Nf6 2. c4 g6 3. h4 Nc6 4. Nc3 e5 5. d5 Nd4 6. e3 Nf5 7. g4 Nd6 8. Bd3 c5 9. g5 Nh5 10. Be2 Bg7 11. Bxh5 gxh5 12. b3 h6 13. e4 hxg5 14. Bxg5 f6 15. Be3 b6 16. Nge2 Qe7 17. Ng3 Qf7 18. Qf3 Qg6 19. O-O-O Qg4 20. Qg2 f5 21. f3 Qg6 22. Bg5 f4 23. Nge2 Nf7 24. Rdg1 a6 25. Qf2 Bf6 26. Bxf4 Qh7 27. Be3 d6 28. Rg2 Bd7 29. Rhg1 Kd8 30. Kc2 Kc7 31. Rg6 Ng5 32. Rxf6 Nh3 33. Qh2 Nxg1 34. Qxg1 Rhg8 35. Qh2 Rg6 36. Rxg6 Qxg6 37. Ng3 Rg8 38. Bg5 Qf7 39. Qg2 Rf8 40. Kd2 Qxf3 41. Qxf3 Rxf3 42. Nxh5 Bg4 43. Nf6 Rf2+ 44. Ke3 Rf3+ 45. Kd2 Rf2+ 46. Ke3 Rf3+ 47. Kd2 1/2-1/2

[Event "November 21 Late 2023"]
[Site "https://www.chess.com"]
[Date "2023.11.21"]
[Round "1"]
[White "Annaberdiyev, Meylis"]
[Black "Kujawski, Adam"]
[Result "1-0"]
[Board "85"]
[TimeControl "180+1"]
[WhiteFideId "14000563"]
[BlackFideId "1100920"]
[WhiteElo "2405"]
[BlackElo "2054"]
[WhiteTeam "TKM"]
[BlackTeam "POL"]
[WhiteClock "0:00:34"]
[BlackClock "0:00:00"]

1. e4 e5 2. Nf3 Nc6 3. Bc4 Nf6 4. Qe2 Be7 5. d4 d6 6. dxe5 dxe5 7. O-O Bg4 8. c3 Bd6 9. Nbd2 h6 10. Re1 Qe7 11. b4 a6 12. a4 O-O 13. Nf1 Be6 14. Ng3 Kh7 15. Nh4 g6 16. Nf3 Rae8 17. Nd2 Nd7 18. Bd5 Nb6 19. Bxc6 bxc6 20. a5 Nd7 21. Qxa6 c5 22. bxc5 Nxc5 23. Qe2 Ra8 24. Nc4 Rfb8 25. Nxd6 cxd6 26. Qe3 Nb3 27. Qxh6+ Kg8 28. Bg5 Qf8 29. Qh4 Qg7 30. Rad1 Rxa5 31. Re3 Nc5 32. Nf5 Bxf5 33. exf5 Rab5 34. h3 Rb1 35. Rxb1 Rxb1+ 36. Kh2 1-0

[Event "November 21 Late 2023"]
[Site "https://www.chess.com"]
[Date "2023.11.21"]
[Round "1"]
[White "Su, Dion"]
[Black "Hamitevici, Vladimir"]
[Result "0-1"]
[Board "86"]
[TimeControl "180+1"]
[WhiteFideId "2029731"]
[BlackFideId "13902393"]
[WhiteElo "2388"]
[BlackElo "2405"]
[WhiteTeam "USA"]
[BlackTeam "MDA"]
[WhiteClock "0:00:40"]
[BlackClock "0:00:32"]

1. e4 c5 2. Nf3 d6 3. d4 cxd4 4. Nxd4 Nf6 5. Nc3 a6 6. Be3 e5 7. Nb3 Be6 8. f3 Nbd7 9. Qd2 h5 10. Nd5 Nxd5 11. exd5 Bf5 12. O-O-O Rc8 13. Bd3 Bxd3 14. Qxd3 g6 15. Kb1 Bg7 16. c4 O-O 17. h4 f5 18. g4 hxg4 19. fxg4 e4 20. Qe2 f4 21. Bd4 e3 22. h5 Ne5 23. Bxe5 Bxe5 24. hxg6 Qg5 25. Rh5 Qxg6+ 26. Ka1 Rc7 27. Nd4 Bxd4 28. Rxd4 f3 29. Qh2 Rh7 30. a3 f2 0-1

[Event "November 21 Late 2023"]
[Site "https://www.chess.com"]
[Date "2023.11.21"]
[Round "1"]
[White "Lizak, Peter"]
[Black "Buchenau, Frank"]
[Result "1-0"]
[Board "87"]
[TimeControl "180+1"]
[WhiteFideId "731595"]
[BlackFideId "4604350"]
[WhiteElo "2420"]
[BlackElo "2157"]
[WhiteTeam "HUN"]
[BlackTeam "GER"]
[WhiteClock "0:00:22"]
[BlackClock "0:00:04"]

1. d4 e6 2. Nf3 Nf6 3. Bf4 d5 4. e3 c5 5. Nbd2 Nc6 6. c3 Bd6 7. Bg3 O-O 8. Bd3 b6 9. Qe2 Bb7 10. Rd1 Ne7 11. Bxd6 Qxd6 12. Ne5 Nd7 13. f4 f6 14. Nxd7 Qxd7 15. O-O Qd6 16. e4 cxd4 17. e5 fxe5 18. fxe5 Qd7 19. cxd4 Qa4 20. Nf3 Qxa2 21. Bxh7+ Kxh7 22. Ng5+ Kh6 23. Qg4 Rf5 24. Nxe6 Rxf1+ 25. Rxf1 Ng6 26. Qg5+ Kh7 27. Qh5+ Kg8 28. Qxg6 1-0

[Event "November 21 Late 2023"]
[Site "https://www.chess.com"]
[Date "2023.11.21"]
[Round "1"]
[White "hristos03"]
[Black "Krishnan, Varun"]
[Result "0-1"]
[Board "88"]
[TimeControl "180+1"]
[BlackFideId "5054508"]
[WhiteElo "2386"]
[BlackElo "2341"]
[BlackTeam "USA"]
[WhiteClock "0:00:00"]
[BlackClock "0:00:12"]

1. e4 e5 2. Nf3 Nc6 3. Bb5 a6 4. Ba4 Nf6 5. O-O Be7 6. Re1 b5 7. Bb3 O-O 8. a4 b4 9. a5 d6 10. d3 Be6 11. Nbd2 Rb8 12. Bxe6 fxe6 13. Nc4 Rb5 14. h3 Nd4 15. b3 Qe8 16. Be3 Nxf3+ 17. Qxf3 Qg6 18. Qg3 Qxg3 19. fxg3 Nh5 20. Kh2 Rbb8 21. Rf1 Rxf1 22. Rxf1 Rf8 23. Rxf8+ Kxf8 24. g4 Nf4 25. Bxf4 exf4 26. d4 Ke8 27. d5 Kd7 28. Kg1 Bd8 29. Kf2 c6 30. dxe6+ Kxe6 31. Kf3 g5 32. g3 fxg3 33. Kxg3 d5 34. exd5+ cxd5 35. Nb2 Bxa5 36. Nd3 Bc7+ 37. Kf3 a5 38. Ke3 Bb6+ 39. Kf3 Bd4 40. Nc1 Ke7 41. Ne2 Be5 42. Nc1 Kd6 43. Nd3 Bd4 44. Nc1 Kc6 45. Ne2 Be5 46. Ke3 Kb5 47. Ng1 a4 48. bxa4+ Kxa4 49. Kd3 Ka3 50. Nf3 Bf6 51. Ne1 Kb2 52. Ng2 d4 53. Ne1 Kc1 54. Nf3 Kd1 55. h4 gxh4 56. g5 Be7 57. Nxh4 Bxg5 58. Nf3 Be3 59. Nh2 h5 60. Nf3 Bf2 61. Nh2 h4 62. Nf3 h3 63. Nh2 Bg1 64. Nf3 h2 0-1

[Event "November 21 Late 2023"]
[Site "https://www.chess.com"]
[Date "2023.11.21"]
[Round "1"]
[White "Fiorito, Francisco"]
[Black "Figorito, Nick"]
[Result "1/2-1/2"]
[Board "89"]
[TimeControl "180+1"]
[WhiteFideId "180165"]
[BlackFideId "30923689"]
[WhiteElo "2318"]
[BlackElo "2380"]
[WhiteTeam "ARG"]
[BlackTeam "USA"]
[WhiteClock "0:00:07"]
[BlackClock "0:00:06"]

1. Nf3 Nf6 2. g3 g6 3. b3 Bg7 4. Bb2 O-O 5. Bg2 c5 6. c4 Nc6 7. Nc3 d6 8. O-O Rb8 9. d4 cxd4 10. Nxd4 Nxd4 11. Qxd4 a6 12. Rad1 Be6 13. Qd3 Qc8 14. e4 Bh3 15. Nd5 Nxd5 16. Bxg7 Nf4 17. gxf4 Bxg2 18. Kxg2 Kxg7 19. h3 Qc6 20. Qd4+ Kg8 21. Qd5 Rfc8 22. e5 dxe5 23. fxe5 e6 24. Qxc6 Rxc6 25. Rd6 Rc5 26. Re1 b5 27. cxb5 axb5 28. Re2 Rc7 29. Rd3 b4 30. Kf3 Ra7 31. h4 Rba8 32. Rdd2 Kg7 33. Ke4 Ra5 34. f4 R8a7 35. Kd4 Rc7 36. Rc2 Rd5+ 37. Ke4 Ra7 38. Rc4 Rda5 39. Rcc2 Rd5 40. h5 Kh6 41. hxg6 hxg6 42. Rh2+ Kg7 43. Rh3 Rda5 44. Rhh2 Rd5 45. Rhd2 Rda5 46. Kd4 Rb7 47. Kc4 Rab5 48. Rd6 Ra5 49. Rdd2 Rab5 50. Kd4 Ra5 51. Ke4 Rab5 52. Rd6 Ra5 53. Kd4 Rba7 54. Kc4 Rb7 55. Rdd2 1/2-1/2

[Event "November 21 Late 2023"]
[Site "https://www.chess.com"]
[Date "2023.11.21"]
[Round "1"]
[White "Semenenko, Dmytry"]
[Black "Jakubowski, Krzysztof"]
[Result "0-1"]
[Board "90"]
[TimeControl "180+1"]
[WhiteFideId "14118645"]
[BlackFideId "1112848"]
[WhiteElo "2113"]
[BlackElo "2369"]
[WhiteTeam "UKR"]
[BlackTeam "POL"]
[WhiteClock "0:01:26"]
[BlackClock "0:00:54"]

1. Nf3 Nf6 2. c4 e6 3. d4 b6 4. Nc3 Bb4 5. g3 Bb7 6. Bg2 Ne4 7. Qc2 Nxc3 8. bxc3 Be7 9. e4 d6 10. O-O Nd7 11. Be3 c5 12. a4 a5 13. Rfd1 Qc7 14. e5 dxe5 15. dxe5 Rd8 16. Bf4 h6 17. h4 g5 18. hxg5 Bxf3 19. Bxf3 hxg5 20. Be3 Nxe5 21. Rxd8+ Bxd8 22. Bg2 Nxc4 23. Qe4 Nxe3 24. Qxe3 Bf6 25. Rd1 O-O 26. Be4 Rd8 27. Qf3 Kg7 28. Rxd8 Qxd8 29. Qh5 Bxc3 30. Qh7+ Kf8 31. Qh6+ Bg7 32. Qh7 c4 33. Kg2 Qd2 34. Bc2 Bd4 35. Qh6+ Ke7 0-1

[Event "November 21 Late 2023"]
[Site "https://www.chess.com"]
[Date "2023.11.21"]
[Round "1"]
[White "Arabidze, Meri"]
[Black "Nita, Lucian"]
[Result "1-0"]
[Board "91"]
[TimeControl "180+1"]
[WhiteFideId "13604040"]
[BlackFideId "1206923"]
[WhiteElo "2416"]
[BlackElo "2066"]
[WhiteTeam "GEO"]
[BlackTeam "ROU"]
[WhiteClock "0:00:41"]
[BlackClock "0:00:50"]

1. Nf3 d6 2. b3 Nf6 3. Bb2 e5 4. g3 c6 5. Bg2 Be7 6. O-O e4 7. Ne1 d5 8. c4 O-O 9. d3 exd3 10. exd3 dxc4 11. bxc4 Bf5 12. Nc3 Na6 13. d4 Qd7 14. Nf3 Rad8 15. Qb3 Nb4 16. Ne5 Qc7 17. Ne2 Bc2 18. Qc3 Ne4 19. Qe3 Nd6 20. a3 Na6 21. Qc3 Bf5 22. Nf4 f6 23. Nf3 Rfe8 24. Rfe1 Bf8 25. Nh4 Bg4 26. h3 Bc8 27. Rac1 g5 28. Nh5 Qf7 29. d5 Qxh5 30. Qxf6 Nf7 31. Nf5 Bxf5 32. Qxf5 Qg6 33. Qg4 Rxe1+ 34. Rxe1 Bg7 35. Bxg7 Kxg7 36. Re7 Nc5 37. Kh2 h5 38. Qd4+ Qf6 39. Qxc5 b6 40. Qe3 cxd5 41. Bxd5 Rf8 42. Rxa7 Kh6 43. Bxf7 Rxf7 44. Rxf7 Qxf7 45. h4 Qxc4 46. Qxg5+ Kh7 47. Qxh5+ Kg7 48. Qg5+ Kh7 49. h5 Qd4 50. Qg6+ Kh8 51. Qh6+ Kg8 52. Qf4 Qd5 53. Qg4+ Kh7 54. Qg6+ Kh8 55. h6 Qe5 56. Qg7+ Qxg7 57. hxg7+ Kxg7 58. Kg2 1-0

[Event "November 21 Late 2023"]
[Site "https://www.chess.com"]
[Date "2023.11.21"]
[Round "1"]
[White "Ward, Ieuan C"]
[Black "Bjelobrk, Igor"]
[Result "0-1"]
[Board "92"]
[TimeControl "180+1"]
[WhiteFideId "406627"]
[BlackFideId "4300726"]
[WhiteElo "2374"]
[BlackElo "2319"]
[WhiteTeam "ENG"]
[BlackTeam "AUS"]
[WhiteClock "0:00:00"]
[BlackClock "0:00:07"]

1. d4 e6 2. c4 b6 3. Nf3 Bb7 4. g3 Bb4+ 5. Bd2 Bxf3 6. exf3 Bxd2+ 7. Qxd2 Ne7 8. Bg2 d5 9. O-O O-O 10. f4 c6 11. b3 Nd7 12. Nc3 Nf6 13. Rfd1 a6 14. Rac1 Qd7 15. Qe3 Rab8 16. h3 Rfd8 17. g4 Ng6 18. Ne2 dxc4 19. bxc4 b5 20. cxb5 cxb5 21. Rc5 Rbc8 22. Rdc1 Ne7 23. Qc3 Ned5 24. Qa5 Rxc5 25. dxc5 Qc7 26. Qxa6 Nxf4 27. Nxf4 Qxf4 28. Rf1 h5 29. gxh5 b4 30. Qe2 Rd2 31. Qf3 Qe5 32. c6 Rxa2 33. Rc1 Nd5 34. Qg3 Qb2 35. Rd1 Qe2 36. Rf1 Qxh5 37. c7 Rc2 38. Bxd5 Qxd5 39. Qd6 Qxd6 0-1

[Event "November 21 Late 2023"]
[Site "https://www.chess.com"]
[Date "2023.11.21"]
[Round "1"]
[White "Koellner, Ruben Gideon"]
[Black "TheAlienParty"]
[Result "0-1"]
[Board "93"]
[TimeControl "180+1"]
[WhiteFideId "12993093"]
[WhiteElo "2347"]
[BlackElo "2372"]
[WhiteTeam "GER"]
[WhiteClock "0:00:15"]
[BlackClock "0:01:28"]

1. d4 Nf6 2. Nf3 e6 3. Nbd2 d5 4. e3 c5 5. c3 Nc6 6. Bd3 b6 7. Ne5 Bb7 8. f4 Bd6 9. Qf3 Ne7 10. O-O h5 11. g3 Nf5 12. h3 Bc7 13. g4 hxg4 14. hxg4 Nd6 15. g5 Nfe4 16. Kg2 Nf5 17. Rh1 Nh4+ 18. Rxh4 Rxh4 19. Nxe4 Bxe5 20. dxe5 dxe4 21. Bxe4 Bxe4 22. Qxe4 Rc8 23. Qc2 Ke7 24. Bd2 Qh8 25. Rg1 Rh2+ 26. Kf1 Qh3+ 27. Ke1 Qf3 28. Qd3 Qf2+ 29. Kd1 Qxg1+ 30. Kc2 Rd8 31. Qa6 Rdxd2+ 32. Kb3 Rxb2+ 33. Kc4 Qf1# 0-1

[Event "November 21 Late 2023"]
[Site "https://www.chess.com"]
[Date "2023.11.21"]
[Round "1"]
[White "Bernat, David"]
[Black "2k28Lakers"]
[Result "0-1"]
[Board "94"]
[TimeControl "180+1"]
[WhiteFideId "2099225"]
[WhiteElo "1894"]
[BlackElo "2642"]
[WhiteTeam "USA"]
[WhiteClock "0:00:08"]
[BlackClock "0:00:08"]

1. c4 e5 2. Nc3 Nf6 3. g3 Bc5 4. Bg2 O-O 5. e3 a5 6. Nge2 Re8 7. O-O Ba7 8. d4 d6 9. h3 Nc6 10. b3 exd4 11. exd4 Bf5 12. g4 Bg6 13. f4 Ne4 14. Nd5 f5 15. Bb2 Qd7 16. Bxe4 Rxe4 17. Ng3 Bxd4+ 18. Bxd4 Rxd4 19. Qf3 Rf8 20. Rae1 fxg4 21. hxg4 Ne5 22. Qe3 Rd3 23. Qe2 Rxg3+ 24. Kh2 Rxg4 25. fxe5 Rh4+ 26. Kg1 Qg4+ 27. Qxg4 Rxg4+ 28. Kh2 Rd8 29. e6 c6 30. e7 Re8 31. Nc7 Rb8 32. e8=Q+ Bxe8 33. Nxe8 Rd4 34. Nc7 Rd2+ 35. Kg3 Rc8 36. Ne6 Rxa2 37. Ng5 h6 38. Ne4 Ra3 39. Nf2 Rxb3+ 40. Kg2 a4 41. Re7 Rf8 42. Rfe1 Rb2 43. R1e2 Rxe2 44. Rxe2 b5 45. Ra2 Rf4 46. cxb5 cxb5 47. Rd2 b4 48. Rxd6 b3 49. Rd8+ Kf7 50. Nd3 Rf5 51. Nc5 Rxc5 52. Ra8 b2 53. Ra7+ Kg6 54. Rxa4 b1=Q 0-1